 Dungeon Crawl Stone Soup version 0.31-a0-486-g8d68a81214 (webtiles) character file.

Game seed: 14259289729534043964

6 AstroCodex24 the Shield-Bearer (level 1, -1/17 HPs)
             Began as a Vampire Fighter on Aug 7, 2023.
             Slain by an orc priest
             ... wielding a +0 hand axe
              (5 damage)
             ... on level 3 of the Dungeon.
             The game lasted 00:00:22 (62 turns).

AstroCodex24 the Shield-Bearer (Vampire Fighter)      Turns: 62, Time: 00:00:22

Health: -1/17      AC:  6    Str: 15    XL:     1   Next: 75%
Magic:  1/1        EV:  8    Int: 10    God:
Gold:   0          SH:  4    Dex: 13    Spells: 0/0 levels left

rFire   . . .        a - +0 war axe
rCold   . . .        c - +0 buckler
rNeg    . . .        b - +0 scale mail
rPois   .            (no helmet)
rElec   .            (no cloak)
rCorr   .            (no gloves)
SInv    +            (no boots)
Will    .....        (no amulet) Stlth
                     (no ring)
HPRegen 0.42/turn    (no ring)
MPRegen 0.07/turn

%: no passive effects
@: healing quickly
A: alive, fangs 3, see invisible, vampiric 1
a: Exsanguinate


You were on level 3 of the Dungeon.
You visited 1 branch of the dungeon, and saw 3 of its levels.

Inventory:

Hand Weapons
 a - a +0 war axe (weapon)
Armour
 b - a +0 scale mail (worn)
 c - a +0 buckler (worn)
Potions
 d - a potion of might


   Skills:
 + Level 2.8 Fighting
 + Level 1.8 Axes
 + Level 2.5 Armour
 + Level 2.8 Shields


You couldn't memorise any spells.
You didn't know any spells.
Your spell library was empty.

Dungeon Overview and Level Annotations

Branches:
Dungeon (3/15)

Altars:


Innate Abilities, Weirdness & Mutations

Your natural rate of healing is accelerated.
You have razor-sharp teeth.
You have supernaturally acute eyesight. (SInv)
You are afflicted with vampirism.


Message History

The worm bites you but does no damage.
You hit the worm but do no damage. You slash the worm!
The worm is heavily wounded.
The worm completely misses you.
You slash the worm!
You kill the worm!
Found a blackened silver wand.
Found a stone staircase leading down.
An endoplasm comes into view.
The endoplasm quivers.
A goblin comes into view. It is wielding a +0 club.
The goblin shouts!
You hear a shout!
You see here a scroll labelled YBREROU NYIF.
There is a stone staircase leading down here.
Things that are here:
a wand of flame (22); a ring of see invisible You barely miss the goblin.
You hit the endoplasm.
You kill the endoplasm!
The goblin hits you with a +0 club.
An orc priest comes into view. It is wielding a +0 hand axe.
You closely miss the goblin. The goblin barely misses you.
The goblin hits you with a +0 club.
The orc priest looks satisfied for a moment.
The goblin attacks as you move away! The goblin hits you but does no damage.
You barely miss the goblin. The goblin hits you but does no damage.
You closely miss the goblin. The goblin closely misses you.
The goblin hits you but does no damage.
The orc priest begins to cast a cantrip, but forgets the words!
You closely miss the goblin. You closely miss the orc priest.
The goblin hits you but does no damage.
The orc priest invokes the aid of Beogh against you.
Beogh smites you!
Ouch! That really hurt!
* * * LOW HITPOINT WARNING * * *
You hear a shout!
You closely miss the orc priest. You barely miss the goblin.
You hear a shout!
An orc comes into view. It is wielding a +0 club.
The orc priest hits you with a +0 hand axe.
You die...

# ### #.# # #.. ... # #.#
####.# ### # #.# #.....
...# # #.#
#.##.######o#.# # #.#
#.##.#........#
####.#####.##.#........#
................?o#.#..#.
#####....#.#[...@g.......
....+....+.#..###...#..#.
### #....###..# #.### #
<# ###### #..# #.# .#
#... ... .# #.####.# ....
+.. ... ....# #.# ...$.#


You could see an orc priest, an orc and a goblin.

Vanquished Creatures
  A worm (D:3)
  An endoplasm (D:3)
  A kobold (D:3)
3 creatures vanquished.

Notes
Turn   | Place    | Note
-------+----------+-------------------------------------------
     0 | D:1      | AstroCodex24 the Vampire Fighter began the quest for the
                  | Orb.
     0 | D:1      | Reached XP level 1. HP: 17/17 MP: 1/1
    56 | D:3      | Noticed an orc priest
    62 | D:3      | Slain by an orc priest

Illustrated notes

Levels and vault maps discovered:
D:1:      amcnicky_arrival_choice, layout_basic
D:2:      layout_basic, basic_altar, small_statue_intersection, minmay_tripent
D:3:      layout_basic, nicolae_kikubaaqudgha_miasma_corner, chequers_avenue,
          minivault_26, minmay_misc_feat_hallway, minmay_gold_behind_fungi,
          nicolae_titane, uniq_robin

Action                     || total
---------------------------++-------
  Melee: War axe           ||    11
         Bite              ||     1
 Armour: Scale mail        ||     5
  Dodge: Dodged            ||     4
  Block: Buckler           ||     1

Table legend: (Time is in decaauts)
 A = Elapsed time spent in this place.
 B = Non-inter-level travel time spent in this place.
 C = Inter-level travel time spent in this place.
 D = Time resting spent in this place.
 E = Time spent auto-exploring this place.
 F = Levels seen in this place.
 G = Mean time per level.
                   A        B        C        D        E       F      G
               +--------+--------+--------+--------+--------+-----+--------+
         Total |     66 |     66 |      0 |      0 |      0 |   3 |   22.0 |
       Dungeon |     66 |     66 |      0 |      0 |      0 |   3 |   22.0 |
               +--------+--------+--------+--------+--------+-----+--------+

Top non-repeatable levels by time:
     D:3: 53 daAuts
     D:2: 6 daAuts
     D:1: 6 daAuts
